 Dungeon Crawl Stone Soup version 0.30.0-20-g3615ddf2f0 (webtiles) character file.

Game seed: 5187534585213941142

54 qw the Chopper (level 3, -5/23 HPs)
             Began as a Gargoyle Fighter on May 31, 2023.
             Slain by Terence
             ... wielding a +0 flail
              (8 damage)
             ... on level 3 of the Dungeon.
             The game lasted 00:00:34 (1443 turns).

qw the Chopper (Gargoyle Fighter)                   Turns: 1443, Time: 00:00:34

Health: -5/23      AC: 15    Str: 21    XL:     3   Next: 91%
Magic:  3/3        EV:  6    Int:  8    God:
Gold:   116        SH:  4    Dex:  9    Spells: 2/2 levels left

rFire   . . .        Y - +0 war axe
rCold   . . .        c - +0 buckler
rNeg    + . .        b - +0 scale mail
rPois   inf          (no helmet)
rElec   +            f - +0 cloak
rCorr   .            (no gloves)
SInv    .            (no boots)
Will    .....        (no amulet) Stlth
                     g - +4 ring of protection
HPRegen 0.23/turn    (no ring)
MPRegen 0.08/turn

%: no passive effects
@: constricted
A: sickness immunity, AC +3, negative energy resistance 1, electricity
resistance, torment resistance 1, petrification resistance
a: no special abilities


You were on level 3 of the Dungeon.
You visited 1 branch of the dungeon, and saw 3 of its levels.

You collected 116 gold pieces.


Innate Abilities, Weirdness & Mutations

You are immune to sickness and miasma.
Your stone body is resilient. (AC +3)
You are immune to poison.
You resist negative energy. (rN+)
You are resistant to electric shocks. (rElec)
You are resistant to unholy torment.
You are immune to petrification.


   Skills:
 - Level 3.2 Fighting
 + Level 3.7 Axes
 - Level 3.2 Armour
 - Level 3.2 Shields


You had 2 spell levels left.
You didn't know any spells.
Your spell library was empty.

Inventory:

Hand Weapons
 h - a +0 flail
 Y - a +0 war axe (weapon)
Missiles
 e - 3 boomerangs (quivered)
Armour
 b - a +0 scale mail (worn)
 c - a +0 buckler (worn)
 f - a +0 cloak (worn)
Jewellery
 g - a +4 ring of protection (left hand)
Potions
 d - a potion of might
 i - a potion of brilliance {unknown}
 l - a potion of invisibility {unknown}
 o - a potion of curing {unknown}

Dungeon Overview and Level Annotations

Branches:
Dungeon (3/15)

Altars:
Cheibriados

Annotations:
D:3 Terence


Message History

The kobold shouts!
The ball python hisses angrily.
You hear an angry hiss.
You hear a shout!
A ball python comes into view.
The ball python moves out of view.
You hear an angry hiss.
A ball python, a kobold and Terence come into view.
The kobold is wielding a +1 short sword of protection.
Found a scroll labelled OGETEPOMNO and a shiny orb.
The ball python hisses angrily.
The kobold shouts!
Terence shouts!
You hear a shout!
The ball python closely misses you. The ball python grabs you.
The ball python constricts you.
A goblin comes into view. It is wielding a +0 club.
The ball python barely misses you. The ball python constricts you.
You barely miss the ball python. You closely miss the kobold.
You barely miss the ball python.
The kobold hits you with a +0 short sword.
The ball python bites you but does no damage.
You block the ball python's attack. The ball python constricts you.
You barely miss the ball python. You completely miss the kobold.
You closely miss the ball python. You barely miss Terence.
The ball python bites you but does no damage.
You block the ball python's attack. The ball python constricts you.
The kobold barely misses you. Terence barely misses you.
You block the ball python's attack. The ball python constricts you.
The ball python bites you but does no damage.
Terence hits you with a +0 flail!
The kobold hits you with a +0 short sword.
You slash the ball python!
You kill the ball python!
You closely miss the kobold. You slash the ball python!
You kill the ball python!
You hit Terence but do no damage.
The ball python bites you but does no damage.
The ball python grabs you. The ball python constricts you.
The kobold hits you but does no damage. Terence hits you with a +0 flail.
You closely miss the ball python. You miss the kobold. You barely miss Terence.
The ball python bites you but does no damage.
The ball python constricts you. Terence hits you with a +0 flail!
You die...

#.[.# ###g
#.#.# #?# #
#.#.#.##
#.###.#....
#.......#.###.#
...............
#....K@S......
#....K@#####
###........#
#....#.###.#
#.##.#.# #.# ..
# #<# #.# . #.#
#.# #.###.#
#.....#
#.#####.######


You could see Terence, a goblin, a ball python and 2 kobolds.

Vanquished Creatures
  2 adders
  A worm (D:2)
  A dart slug (D:2)
  A bat (D:1)
  2 endoplasms (D:2)
  3 giant cockroaches
  3 hobgoblins
  2 jackals (D:2)
  2 kobolds (D:1)
  7 ball pythons
  4 frilled lizards
  A goblin (D:1)
  5 rats
34 creatures vanquished.

Notes
Turn   | Place    | Note
-------+----------+-------------------------------------------
     0 | D:1      | qw the Gargoyle Fighter began the quest for the Orb.
     0 | D:1      | Reached XP level 1. HP: 14/14 MP: 1/1
     0 | D:1      | 0 ||| qw: Version: 0.2-a-102-gfc559e5
     0 | D:1      | 0 ||| qw: Game counter: 607
     0 | D:1      | 0 ||| qw: Always use a shield: true
     0 | D:1      | 0 ||| qw: God list: Okawaru
     0 | D:1      | 0 ||| qw: Allow faded altars: false
     0 | D:1      | 0 ||| qw: Do Orc after D:15 true
     0 | D:1      | 0 ||| qw: Do second Lair branch before Depths: true
     0 | D:1      | 0 ||| qw: Lair rune preference: random
     0 | D:1      | 0 ||| qw: Plans: Normal, Zot:1-4, Slime:5, God:TSO, Crypt,
                  | Tomb, Pan, Hells, Abyss, Win
     0 | D:1      | 0 ||| PLANNING D:1-11
   273 | D:1      | Found a faded altar of an unknown god.
   350 | D:1      | Reached XP level 2. HP: 19/19 MP: 2/2
   701 | D:1      | 701 ||| UPGRADING to +0 cloak.
   706 | D:1      | 706 ||| UPGRADING to +4 ring of protection.
   776 | D:2      | 776 ||| DROPPING +0 whip.
   886 | D:2      | Reached skill level 3 in Axes
   953 | D:2      | Reached XP level 3. HP: 23/23 MP: 3/3
  1039 | D:2      | Found a snail-covered altar of Cheibriados.
  1148 | D:2      | 1148 ||| Stepping ~*~*~tactically~*~*~ (hiding).
  1335 | D:2      | 1335 ||| READING scroll labelled KIUWOOJUOR.
  1353 | D:2      | 1353 ||| READING scroll labelled YMUUCA QINTUOFF.
  1356 | D:2      | 1356 ||| READING scroll labelled BILLU BUIJIYLL.
  1357 | D:2      | 1357 ||| READING scroll labelled UKAERY JOUHUI.
  1439 | D:3      | Noticed Terence
  1442 | D:3      | HP: 3/23 [Terence/+0 flail (6)]
  1443 | D:3      | Slain by Terence

Levels and vault maps discovered:
D:1:      dpeg_arrival_short_road, layout_basic,
          chequers_ecumenical_altar_twisty
D:2:      layout_loops_cross, basic_altar
D:3:      layout_loops_ring, good_gods_mini_temple,
          mainiacjoe_overflow_cross_hatched, minmay_surrounded, uniq_terence

Skill      XL: |  1  2 |
---------------+-------+-----
Axes           | 2 3 |  3.7
Fighting       | |  3.2
Armour         | |  3.2
Shields        | |  3.2

Action                     || total
---------------------------++-------
  Melee: War axe           ||    78
  Throw: Boomerang         ||    19
    Use: Scroll            ||     4
 Armour: Scale mail        ||    37
  Dodge: Dodged            ||    28
  Block: Buckler           ||    18

Table legend:
 A = Non-vault XP
 B = Vault XP
 C = Vault XP percentage of total XP
 D = Non-vault monster count
 E = Vault monster count
 F = Vault count percentage of total count
                 A         B        C        D         E       F
            +---------+---------+-------+---------+---------+-------
      Total |      76 |       2 |   2.6 |      33 |       1 |   2.9
            +---------+---------+-------+---------+---------+-------
        D:1 |      17 |       0 |   0.0 |      13 |       0 |   0.0
        D:2 |      44 |       0 |   0.0 |      17 |       0 |   0.0
        D:3 |      15 |       2 |  11.8 |       3 |       1 |  25.0
            +---------+---------+-------+---------+---------+-------
